PBL
PHILADELPHIA PHILLIES @ NEW YORK METS
05/08/2071
 
TOP OF THE 1ST
Philadelphia Phillies batting - Pitching for New York Mets : RHP Orlando Buenamea
Pitching: RHP Orlando Buenamea
Batting: LHB Iván Ruíz 0-0: Called Strike
0-1: Ball
1-1: Foul Ball, location: 3FF
1-2: Foul Ball, location: 3FF
1-2: Strikes out swinging
Batting: LHB Alonso Castillo 0-0: Ball
1-0: Called Strike
1-1: Foul Ball, location: 9LDF
1-2: Strikes out swinging
Batting: RHB Armando Gracía 0-0: Ball
1-0: Ball
2-0: Ball
3-0: Called Strike
3-1: Swinging Strike
3-2: Base on Balls
Batting: RHB Bill McBryde 0-0: Ball
1-0: Swinging Strike
1-1: Ball
2-1: Foul Ball, location: 25FF
2-2: Foul Ball, location: 9LSF
2-2: Fly out, F7 (Flyball, 7LS, EV 85.6 MPH)
Top of the 1st over - 0 runs, 0 hits, 0 errors, 1 left on base; Philadelphia 0 - New York 0
BOTTOM OF THE 1ST
New York Mets batting - Pitching for Philadelphia Phillies : RHP Chris Smolinski
Pitching: RHP Chris Smolinski
Batting: RHB Troy Day 0-0: Ball
1-0: Called Strike
1-1: DOUBLE (Flyball, 78D, EV 93.8 MPH)
Batting: LHB Gustavo Costello 0-0: Fly out, F8 (Flyball, 8RXD, EV 92.5 MPH)
Runner from 2nd tags up, SAFE at 3rd, no throw by CF
Batting: RHB Rich Stairs 0-0: Called Strike
0-1: Ball
1-1: Ball
2-1: Ground out 6-3 (Groundball, 6, EV 80.6 MPH)
Troy Day scores
Batting: LHB Pablo Sánchez 0-0: Ball
1-0: Foul Ball, location: 25F
1-1: Ball
2-1: Ball
3-1: Foul Ball, location: 3SF
3-2: Strikes out swinging
Bottom of the 1st over - 1 run, 1 hit, 0 errors, 0 left on base; Philadelphia 0 - New York 1
TOP OF THE 2ND
Philadelphia Phillies batting - Pitching for New York Mets : RHP Orlando Buenamea
Batting: RHB Ezra Schneider 0-0: Called Strike
0-1: Ground out 4-3 (Groundball, 4, EV 88.1 MPH)
Batting: RHB David Paige 0-0: Ball
1-0: Ball
2-0: Called Strike
2-1: Foul Ball, location: 2F
2-2: Ball
3-2: SINGLE (Flyball, 7S, EV 95.0 MPH)
Batting: RHB Atas Sekayi 0-0: SINGLE (Line Drive, 7LM, EV 105.0 MPH)
David Paige to second
Runner from 2nd tries for 3rd, SAFE, no throw by LF
Batting: LHB César Pérez 0-0: Ball
1-0: Called Strike
1-1: Grounds into double play, 4-6-3 (Groundball, 34, EV 80.0 MPH)
Top of the 2nd over - 0 runs, 2 hits, 0 errors, 1 left on base; Philadelphia 0 - New York 1
BOTTOM OF THE 2ND
New York Mets batting - Pitching for Philadelphia Phillies : RHP Chris Smolinski
Batting: RHB Yoriyuki Iwata 0-0: Swinging Strike
0-1: Ball
1-1: Fly out, F8 (Flyball, 78M, EV 93.1 MPH)
Batting: RHB Jack McConnell 0-0: Ball
1-0: DOUBLE (Flyball, 89D, EV 103.1 MPH)
Batting: SHB Michael Herrnbe 0-0: Fly out, F9 (Flyball, 9, EV 90.6 MPH)
Batting: RHB Jerome Morales 0-0: SINGLE (Groundball, 4MD, EV 96.9 MPH)
Jack McConnell to third
Runner from 3rd tries for Home, SAFE, throw by CF to home
Batting: RHB José Ramírez 0-0: Foul Ball, location: 7LMF
0-1: Ball
1-1: Ball
2-1: Ball
3-1: TRIPLE (Flyball, 8LXD, EV 93.8 MPH)
Jerome Morales scores
Batting: RHB Troy Day 0-0: Ball
1-0: Foul Ball, location: 7LSF
1-1: Foul Ball, location: 7LMF
1-2: Ball
2-2: Ball
3-2: Ground out 2-3 (Groundball, 13S, EV 63.1 MPH)
Bottom of the 2nd over - 2 runs, 3 hits, 0 errors, 1 left on base; Philadelphia 0 - New York 3
TOP OF THE 3RD
Philadelphia Phillies batting - Pitching for New York Mets : RHP Orlando Buenamea
Batting: RHB Vincente López 0-0: Called Strike
0-1: Ball
1-1: Ball
2-1: Ball
3-1: Foul Ball, location: 2F
3-2: Strikes out swinging
Batting: LHB Iván Ruíz 0-0: Called Strike
0-1: Ball
1-1: Foul Ball, location: 9LMF
1-2: Ball
2-2: Ball
3-2: Foul Ball, location: 7LDF
3-2: Foul Ball, location: 5F
3-2: Fly out, F8 (Flyball, 8LS, EV 75.6 MPH)
Batting: LHB Alonso Castillo 0-0: Called Strike
0-1: Ball
1-1: SINGLE (Groundball, 34D, EV 95.6 MPH)
Batting: RHB Armando Gracía 0-0: Swinging Strike
0-1: Swinging Strike
0-2: Ball
1-2: Strikes out looking
Top of the 3rd over - 0 runs, 1 hit, 0 errors, 1 left on base; Philadelphia 0 - New York 3
BOTTOM OF THE 3RD
New York Mets batting - Pitching for Philadelphia Phillies : RHP Chris Smolinski
Batting: LHB Gustavo Costello 0-0: Swinging Strike
0-1: DOUBLE (Line Drive, 78D, EV 108.8 MPH)
Batting: RHB Rich Stairs 0-0: Ball
1-0: Ball
2-0: Fly out, F9 (Flyball, 89D, EV 90.0 MPH)
Runner from 2nd tags up, SAFE at 3rd, no throw by RF
Batting: LHB Pablo Sánchez 0-0: Called Strike
0-1: Ball
1-1: Swinging Strike
1-2: Ground out 4-3 (Groundball, 4, EV 87.5 MPH)
Gustavo Costello scores
Batting: RHB Yoriyuki Iwata 0-0: Called Strike
0-1: Ball
1-1: Ball
2-1: Ball
3-1: Base on Balls
Batting: RHB Jack McConnell 0-0: Called Strike
0-1: SINGLE (Line Drive, 8RS, EV 105.6 MPH)
Yoriyuki Iwata to second
Batting: SHB Michael Herrnbe 0-0: Called Strike
0-1: Ball
1-1: Fly out, F9 (Line Drive, 9S, EV 103.1 MPH)
Bottom of the 3rd over - 1 run, 2 hits, 0 errors, 2 left on base; Philadelphia 0 - New York 4
TOP OF THE 4TH
Philadelphia Phillies batting - Pitching for New York Mets : RHP Orlando Buenamea
Batting: RHB Bill McBryde 0-0: Fly out, F8 (Flyball, 89D, EV 100.6 MPH)
Batting: RHB Ezra Schneider 0-0: Ball
1-0: Swinging Strike
1-1: Swinging Strike
1-2: Ball
2-2: Strikes out looking
Batting: RHB David Paige 0-0: SINGLE (Groundball, 4M, EV 100.0 MPH) (infield hit)
Batting: RHB Atas Sekayi 0-0: SINGLE (Line Drive, 9LS, EV 108.1 MPH)
David Paige to second
Batting: LHB César Pérez 0-0: Foul Ball, location: 5DF
0-1: Foul Ball, location: 2F
0-2: SINGLE (Groundball, 6MD, EV 98.1 MPH)
David Paige to third
Atas Sekayi to second
Runner from 3rd tries for Home, SAFE, throw by CF to home
Batting: RHB Vincente López 0-0: Called Strike
0-1: Foul Ball, location: 9LDF
0-2: Ball
1-2: Strikes out looking
Top of the 4th over - 1 run, 3 hits, 0 errors, 2 left on base; Philadelphia 1 - New York 4
BOTTOM OF THE 4TH
New York Mets batting - Pitching for Philadelphia Phillies : RHP Chris Smolinski
Batting: RHB Jerome Morales 0-0: Ball
1-0: Ground out 6-3 (Groundball, 6, EV 85.6 MPH)
Batting: RHB José Ramírez 0-0: Called Strike
0-1: Called Strike
0-2: Ball
1-2: Ball
2-2: SINGLE (Line Drive, 9LM, EV 88.1 MPH)
Batting: RHB Troy Day 0-0: Fly out, F8 (Flyball, 8RD, EV 93.8 MPH)
Batting: LHB Gustavo Costello 0-0: Foul Ball, location: 7LDF
0-1: Ball
1-1: Ball
2-1: Ground out 4-3 (Groundball, 4, EV 90.0 MPH)
Bottom of the 4th over - 0 runs, 1 hit, 0 errors, 1 left on base; Philadelphia 1 - New York 4
TOP OF THE 5TH
Philadelphia Phillies batting - Pitching for New York Mets : RHP Orlando Buenamea
Batting: LHB Iván Ruíz 0-0: Called Strike
0-1: Ball
1-1: Ball
2-1: Ball
3-1: Foul Ball, location: 3FF
3-2: Ground out 3-1 (Groundball, 34, EV 83.1 MPH)
Batting: LHB Alonso Castillo 0-0: Foul Ball, location: 7LDF
0-1: Ball
1-1: Fly out, F7 (Line Drive, 7, EV 91.3 MPH)
Batting: RHB Armando Gracía 0-0: Called Strike
0-1: Ball
1-1: Ball
2-1: Ground out 5-3 (Groundball, 56, EV 110.6 MPH)
Top of the 5th over - 0 runs, 0 hits, 0 errors, 0 left on base; Philadelphia 1 - New York 4
BOTTOM OF THE 5TH
New York Mets batting - Pitching for Philadelphia Phillies : RHP Chris Smolinski
Batting: RHB Rich Stairs 0-0: Ball
1-0: SOLO HOME RUN (Flyball, 78XD, EV 111.3 MPH), Distance : 423 ft
Pitching: RHP Juan Hernández
Batting: LHB Pablo Sánchez 0-0: Ball
1-0: Ball
2-0: Ball
3-0: Called Strike
3-1: Base on Balls
Batting: RHB Yoriyuki Iwata 0-0: Called Strike
0-1: Ball
1-1: Fly out, F8 (Line Drive, 89M, EV 92.5 MPH)
Batting: RHB Jack McConnell 0-0: Ball
1-0: Ball
Pablo Sánchez is caught stealing 2nd base 2-4
2-0: Foul Ball, location: 25F
2-1: Foul Ball, location: 7LMF
2-2: Ball
3-2: Foul Ball, location: 7LSF
3-2: Ground out 4-3 (Groundball, 4M, EV 96.9 MPH)
Bottom of the 5th over - 1 run, 1 hit, 0 errors, 0 left on base; Philadelphia 1 - New York 5
TOP OF THE 6TH
Philadelphia Phillies batting - Pitching for New York Mets : RHP Orlando Buenamea
Batting: RHB Bill McBryde 0-0: Ball
1-0: Called Strike
1-1: Ball
2-1: Swinging Strike
2-2: Strikes out swinging
Batting: RHB Ezra Schneider 0-0: Ball
1-0: DOUBLE (Line Drive, 9LM, EV 106.3 MPH)
Batting: RHB David Paige 0-0: Ball
1-0: Ball
2-0: Swinging Strike
2-1: Ball
3-1: SINGLE (Groundball, 25, EV 73.1 MPH) (infield hit)
Ezra Schneider to third
Batting: RHB Atas Sekayi 0-0: Ball
1-0: Foul Ball, location: 2F
1-1: SINGLE (Line Drive, 8LS, EV 107.5 MPH)
Ezra Schneider scores
David Paige to second
Runner from 2nd tries for 3rd, SAFE, throw by CF made to third
Pitching: RHP Richard Lyons
Batting: LHB César Pérez 0-0: Called Strike
0-1: Foul Ball, location: 9LSF
0-2: Strikes out looking
Batting: RHB Vincente López 0-0: Called Strike
0-1: Ball
1-1: Foul Ball, location: 2F
1-2: Strikes out swinging
Top of the 6th over - 1 run, 3 hits, 0 errors, 2 left on base; Philadelphia 2 - New York 5
BOTTOM OF THE 6TH
New York Mets batting - Pitching for Philadelphia Phillies : RHP Juan Hernández
Batting: SHB Michael Herrnbe 0-0: Called Strike
0-1: Ground out U3 (Groundball, 3S, EV 73.8 MPH)
Batting: RHB Jerome Morales 0-0: SINGLE (Line Drive, 4M, EV 99.4 MPH)
Batting: RHB José Ramírez 0-0: Ball
1-0: Fly out, F4 (Line Drive, 4MD, EV 62.5 MPH)
Lined into DP, 4-3 (Line Drive, 4MD, EV 62.5 MPH)
Bottom of the 6th over - 0 runs, 1 hit, 0 errors, 0 left on base; Philadelphia 2 - New York 5
TOP OF THE 7TH
Philadelphia Phillies batting - Pitching for New York Mets : RHP Richard Lyons
Batting: LHB Iván Ruíz 0-0: Ball
1-0: Ball
2-0: Foul Ball, location: 2F
2-1: Foul Ball, location: 9LSF
2-2: Ball
3-2: Foul Ball, location: 2F
3-2: Foul Ball, location: 2F
3-2: Foul Ball, location: 2F
3-2: Fly out, F4 (Line Drive, 4MD, EV 67.5 MPH)
Batting: LHB Alonso Castillo 0-0: Ball
1-0: Called Strike
1-1: Foul Ball, location: 7LDF
1-2: Ball
2-2: Ball
3-2: Strikes out swinging
Batting: RHB Armando Gracía 0-0: Ball
1-0: Ball
2-0: Ball
3-0: Called Strike
3-1: Called Strike
3-2: Foul Ball, location: 5FF
3-2: Fly out, F8 (Flyball, 8LD, EV 94.4 MPH)
Top of the 7th over - 0 runs, 0 hits, 0 errors, 0 left on base; Philadelphia 2 - New York 5
BOTTOM OF THE 7TH
New York Mets batting - Pitching for Philadelphia Phillies : RHP Juan Hernández
Batting: RHB Troy Day 0-0: Ball
1-0: Foul Ball, location: 3F
1-1: Fly out, F9 (Flyball, 89D, EV 76.9 MPH)
Batting: LHB Gustavo Costello 0-0: Foul Ball, location: 2F
0-1: Fly out, F7 (Flyball, 78S, EV 96.3 MPH)
Batting: RHB Rich Stairs 0-0: Called Strike
0-1: Called Strike
0-2: Ball
1-2: SOLO HOME RUN (Flyball, 7D, EV 97.5 MPH), Distance : 359 ft
Batting: LHB Pablo Sánchez 0-0: Ball
1-0: Ball
2-0: Foul Ball, location: 3FF
2-1: Foul Ball, location: 3FF
2-2: Strikes out looking
Bottom of the 7th over - 1 run, 1 hit, 0 errors, 0 left on base; Philadelphia 2 - New York 6
TOP OF THE 8TH
Philadelphia Phillies batting - Pitching for New York Mets : RHP Richard Lyons
Pitching: RHP Tristan Donovan
Batting: RHB Bill McBryde 0-0: Foul Ball, location: 3SF
0-1: Called Strike
0-2: Ground out 5-3 (Groundball, 5, EV 88.1 MPH)
Batting: RHB Ezra Schneider 0-0: Foul Ball, location: 2F
0-1: Ball
1-1: Ball
2-1: Ball
3-1: Fly out, F7 (Flyball, 7D, EV 107.5 MPH)
Batting: RHB David Paige 0-0: Ball
1-0: Foul Ball, location: 3SF
1-1: Ball
2-1: SINGLE (Groundball, 6MD, EV 103.1 MPH) (infield hit)
Batting: RHB Atas Sekayi 0-0: Called Strike
0-1: Ball
1-1: Swinging Strike
1-2: Strikes out swinging
Top of the 8th over - 0 runs, 1 hit, 0 errors, 1 left on base; Philadelphia 2 - New York 6
BOTTOM OF THE 8TH
New York Mets batting - Pitching for Philadelphia Phillies : RHP Juan Hernández
Batting: RHB Yoriyuki Iwata 0-0: Called Strike
0-1: Called Strike
0-2: Ball
1-2: Ground out 4-3 (Groundball, 4, EV 78.1 MPH)
Batting: RHB Jack McConnell 0-0: SOLO HOME RUN (Flyball, 78XD, EV 98.8 MPH), Distance : 387 ft
Batting: SHB Michael Herrnbe 0-0: Foul Ball, location: 2F
0-1: Ground out 6-3 (Groundball, 6MD, EV 95.0 MPH)
Batting: RHB Jerome Morales 0-0: Foul Ball, location: 2F
0-1: Ground out 6-3 (Groundball, 56, EV 85.0 MPH)
Bottom of the 8th over - 1 run, 1 hit, 0 errors, 0 left on base; Philadelphia 2 - New York 7
TOP OF THE 9TH
Philadelphia Phillies batting - Pitching for New York Mets : RHP Tristan Donovan
Batting: LHB César Pérez 0-0: Foul Ball, location: 2F
0-1: SINGLE (Groundball, 34D, EV 107.5 MPH)
Batting: RHB Vincente López 0-0: Called Strike
0-1: Swinging Strike
0-2: Strikes out swinging
Batting: LHB Iván Ruíz 0-0: Ball
1-0: Called Strike
1-1: Foul Ball, location: 2LF, Error on foul ball, E2
1-2: Grounds into double play, 4-6-3 (Groundball, 4, EV 95.6 MPH)
Top of the 9th over - 0 runs, 1 hit, 1 error, 0 left on base; Philadelphia 2 - New York 7
Saturday, April 13th , 2024 - OOTP Baseball 24.10 Build 82